 Dungeon Crawl Stone Soup version 0.8.0-1-g574be46 character file.

2999 Speedgee the Cruncher (level 9, -2/52 HPs)
             Began as a Kobold Monk on May 16, 2011.
             Was an Elder of Trog.
             Shot with a runed arrow by a centaur (17 damage)
             ... on Level 9 of the Dungeon.
             The game lasted 00:20:03 (6438 turns).

Speedgee the Cruncher (Kobold Monk)                 Turns: 6438, Time: 00:20:03

HP  -2/52        AC  5     Str 15 Exp: 9/3834 (535), need: 76
MP   8/8         EV 21     Int  8      God: Trog [****..]
Gold 316         SH  0     Dex 20      Spells:  0 memorised,  8 levels left

Res.Fire  : . . .   See Invis. : .   a - +1 quarterstaff
Res.Cold  : . . .   Warding    : . . r - +1 robe {rN+}
Life Prot.: + . .   Conserve   : .   (no shield)
Res.Acid. : . . .   Res.Corr.  : .   (no helmet)
Res.Poison: .       Clarity    : .   g - +1 cloak
Res.Elec. : .       Spirit.Shd : .   (no gloves)
Sust.Abil.: . .     Stasis     : .   (no boots)
Res.Mut.  : .       Ctrl.Telep.: .   (no amulet)
Res.Rott. : .       Levitation : .   f - +3 ring of strength
Saprovore : + + .   Ctrl.Flight: .   j - ring of invisibility

@: regenerating, very resistant to hostile enchantments, stealthy
A: carnivore 3, saprovore 2, Str +1
a: Burn Spellbooks, Berserk, Trog's Hand, Brothers in Arms, Renounce Religion,
Evoke Invisibility


You were on level 9 of the Dungeon.
You worshipped Trog.
Trog was extremely pleased with you.
You were very full.

You visited 1 branch of the dungeon, and saw 9 of its levels.
You visited 1 portal chamber: sewer.

You collected 316 gold pieces.

Inventory:

Hand weapons
 a - a +1,+1 quarterstaff (weapon)
 e - a +0,+0 short sword
 p - a cursed -3 blowgun
Missiles
 q - 7 poisoned +0 needles
Armour
 g - a +1 cloak (worn)
 r - a +1 robe of positive energy (worn)
Magical devices
 d - a wand of paralysis (1)
 i - a wand of draining (8)
 B - a wand of enslavement (3)
Comestibles
 c - 3 meat rations
Scrolls
 b - a scroll of enchant weapon I
 h - a scroll of magic mapping
 k - 6 scrolls of identify
 l - 2 scrolls of curse weapon
 u - 3 scrolls of teleportation
 y - a scroll of remove curse
Jewellery
 f - a +3 ring of strength (right hand)
 j - a ring of invisibility (left hand)
 w - an uncursed ring of ice
Potions
 m - a potion of degeneration {unknown}
 n - 5 potions of brilliance {unknown}
 o - 9 potions of healing
 s - a potion of levitation
 t - 2 potions of speed {unknown}
 v - 2 potions of resistance
 x - 2 potions of berserk rage {unknown}
 z - a potion of slowing {unknown}
 A - a potion of invisibility {unknown} You had 535 experience left.


   Skills:
 + Level 5 Fighting
 + Level 9 Staves
 - Level 2 Armour
 + Level 7 Dodging
 - Level 3 Stealth
 - Level 2 Stabbing
 - Level 1 Unarmed Combat


You had 8 spell levels left.
You didn't know any spells.

Dungeon Overview and Level Annotations

Branches:
Dungeon (9/27)             Temple (0/1) D:5
    Orc: D:6-11        Lair: D:8-13

Altars:
Ashenzari
Cheibriados
Kikubaaqudgha
Sif Muna
Trog
Vehumet
Xom
Yredelemnul


Innate Abilities, Weirdness & Mutations

You recuperate from illness quickly.
You are small and have problems with some larger weapons.
You are carnivorous and can eat meat at any time.
You can eat rotten meat.
Your muscles are strong (Str +1).


Message History

Found a blue potion.
The worker ant twitches its antennae in your direction.
The centaur shoots a runed arrow.
The runed arrow misses you.
The centaur shoots a runed arrow.
The runed arrow hits you!
* * * LOW HITPOINT WARNING * * *
The centaur shoots a runed arrow.
The runed arrow hits you!
You die... ∙∙∙▒∙∙∙∙∙▒∙▒∙∙∙) ∙▒∙∙∙∙∙∙∙∙∙∙∙∙∙ ∙∙∙∙∙∙∙∙∙∙∙∙∙∙∙∙∙∙ ∙∙∙∙∙∙∙∙∙∙∙∙∙∙∙∙∙∙▒▒∙ ∙∙∙∙▒∙∙∙∙∙∙∙∙∙∙∙∙∙∙∙∙∙ ∙∙∙∙∙∙∙∙∙∙∙∙∙∙∙∙∙∙∙∙∙∙∙ ∙∙∙∙∙∙∙∙∙∙∙∙∙∙∙∙∙∙∙∙∙∙∙∙ ∙∙∙∙∙∙∙∙∙∙∙∙∙∙∙∙∙∙∙∙∙∙∙∙ ∙∙∙∙∙∙∙∙∙∙∙∙∙∙∙∙∙∙>∙∙∙∙∙ ∙!∙∙∙∙$∙∙∙∙∙∙∙∙∙∙∙∙∙∙∙∙∙∙ ∙∙∙∙∙c∙∙@∙∙∙∙(∙∙∙∙∙∙∙∙∙∙∙ ∙∙∙∙∙∙a∙∙∙(∙(∙∙∙∙∙∙∙∙∙∙∙∙ ∙▒∙?∙∙∙∙∙∙∙(∙∙∙∙∙∙∙∙∙∙∙∙ ▒∙∙∙∙∙∙∙∙∙∙∙∙∙∙∙∙∙<>∙∙∙∙ ∙∙∙▒∙∙▒∙∙∙∙∙%∙∙)∙∙∙∙∙∙∙∙ ∙∙∙∙∙∙∙∙∙∙∙∙∙∙∙∙∙∙∙∙>∙∙ ∙∙∙∙∙∙∙∙∙∙∙∙∙∙∙∙∙∙∙∙∙∙ ▒∙∙∙∙∙∙∙∙∙∙∙∙∙∙∙∙∙∙∙∙ ∙l∙∙∙∙∙∙∙∙∙∙∙∙∙∙∙∙∙ ∙∙∙∙∙∙∙∙∙∙∙∙∙∙∙∙ ∙∙∙∙∙∙∙∙∙∙∙∙∙∙∙

You could see a centaur, an iguana (fleeing) and a worker ant.

Vanquished Creatures
  Erolcha (D:9)
  Grinder (D:6)
  A wyvern (D:9)
  6 ogres
  Menkaure (D:6)
  A sky beast (D:7)
  A big kobold (Port)
  2 giant frogs (D:6)
  Blork the orc (D:7)
  5 wights (D:8)
  A killer bee zombie (D:9)
  An imp (D:7)
  A big fish (D:4)
  3 hounds
  An orc priest (D:6)
  3 orc wizards
  4 worker ants (D:6)
  Ijyb (D:6)
  3 jellies
  4 gnolls (D:7)
  5 snakes
  A giant mite (D:7)
  Terence (D:2)
  2 grey rats (Port)
  A giant eyeball (D:6)
  4 giant geckos
  14 orcs
  5 giant cockroaches
  10 goblins
  15 hobgoblins
  2 jackals (Port)
  4 quokkas
  2 small snakes
  2 giant newts
  18 kobolds
  8 megabats
  19 rats
155 creatures vanquished.

Notes
Turn   | Place    | Note
--------------------------------------------------------------
     0 | D:1      | Speedgee, the Kobold Monk, began the quest for the Orb.
     0 | D:1      | Reached XP level 1. HP: 11/11 MP: 0/0
   121 | D:1      | Reached skill level 4 in Dodging
   139 | D:1      | Reached XP level 2. HP: 9/15 MP: 1/1
   221 | D:2      | Noticed Terence
   246 | D:2      | Found a bloodstained altar of Trog.
   250 | D:2      | Became a worshipper of Trog the Wrathful
  1141 | D:1      | Reached skill level 1 in Stabbing
  1163 | D:2      | Reached XP level 3. HP: 20/20 MP: 2/2
  1538 | D:1      | Acquired Trog's first power
  1549 | D:2      | Defeated Terence
  1769 | D:3      | Found a radiant altar of Vehumet.
  1879 | D:3      | Reached XP level 4. HP: 19/24 MP: 3/3
  2069 | D:3      | Acquired Trog's second power
  2115 | D:3      | Reached XP level 5. HP: 22/30 MP: 4/4
  2358 | D:4      | Found a snail-covered altar of Cheibriados.
  2404 | D:4      | Found a deep blue altar of Sif Muna.
  2424 | D:4      | Reached skill level 1 in Armour
  2489 | D:4      | Found a glowing drain. 2537
                  | sewer
                  | Entered the sewers 2629
                  | sewer
                  | Reached XP level 6. HP: 33/33 MP: 5/5 2661
                  | sewer
                  | Found a glowing silver altar of Zin. 2673
                  | sewer
                  | Gained mutation: Your muscles are strong (Str +1).
  2798 | D:4      | Reached skill level 5 in Staves
  3055 | D:5      | Entered Level 5 of the Dungeon
  3162 | D:5      | Found an ancient bone altar of Kikubaaqudgha.
  3246 | D:5      | Reached XP level 7. HP: 39/39 MP: 6/6
  3598 | D:5      | Found a shimmering altar of Xom.
  3824 | D:5      | Found a staircase to the Ecumenical Temple.
  3896 | D:6      | Noticed Ijyb
  3900 | D:6      | Paralysed by Ijyb for 6 turns
  3907 | D:6      | Reached skill level 6 in Staves
  3911 | D:6      | Defeated Ijyb
  3943 | D:6      | Found a shattered altar of Ashenzari.
  3973 | D:6      | Noticed Grinder
  3979 | D:6      | Reached skill level 5 in Dodging
  3986 | D:6      | Defeated Grinder
  3986 | D:6      | Reached XP level 8. HP: 34/42 MP: 7/7
  3992 | D:6      | Noticed Menkaure
  4047 | D:6      | Defeated Menkaure
  4297 | D:6      | Found a basalt altar of Yredelemnul.
  4395 | D:6      | Reached skill level 7 in Staves
  5330 | D:7      | Found a basalt altar of Yredelemnul.
  5431 | D:7      | Acquired Trog's third power
  5431 | D:7      | Reached XP level 9. HP: 39/50 MP: 8/8
  5461 | D:7      | Noticed Blork the orc
  5467 | D:7      | Reached skill level 8 in Staves
  5471 | D:7      | Defeated Blork the orc
  6030 | D:8      | Reached skill level 5 in Fighting
  6171 | D:9      | Noticed Erolcha
  6186 | D:9      | Defeated Erolcha
  6427 | D:9      | Reached skill level 9 in Staves
  6438 | D:9      | Shot with a runed arrow by a centaur
